 Dungeon Crawl Stone Soup version 0.22.1-5-g62c59d9 (webtiles) character file.

9551 UnknownArk the Cleaver (level 11, 0/99 HPs)
             Began as a Hill Orc Fighter on Jan 16, 2019.
             Was a Priest of Okawaru.
             Slain by a jumping spider (2 damage)
             ... on level 2 of the Lair of Beasts.
             The game lasted 01:05:41 (12026 turns).

UnknownArk the Cleaver (Hill Orc Fighter)          Turns: 12026, Time: 01:05:42

Health: 0/99       AC: 17    Str: 23    XL:     11   Next: 48%
Magic:  15/15      EV:  8    Int:  8    God:    Okawaru [***...]
Gold:   640        SH: 12    Dex: 15    Spells: 10/10 levels left

rFire    + . .     SeeInvis .   a - +0 war axe
rCold    . . .     Gourm    .   c - +0 shield
rNeg     . . .     Faith    .   k - +2 scale mail {rF+}
rPois    .         Spirit   .   u - +1 helmet
rElec    .         Reflect  .   N - +0 cloak
rCorr    .         Harm     .   B - +0 pair of gloves
MR       .....                  d - +0 pair of boots
Stlth    ..........             y - amulet of regeneration
HPRegen  0.66/turn              i - +5 ring of dexterity
MPRegen  0.14/turn              v - +1 ring of protection

@: lethally poisoned (0 -> -29)
A: no striking features
a: Heroism, Renounce Religion


You were on level 2 of the Lair of Beasts.
You worshipped Okawaru.
Okawaru was most pleased with you.
You were not hungry.

You visited 3 branches of the dungeon, and saw 12 of its levels.
You also visited: Sewer.

You collected 640 gold pieces.

Inventory:

Hand Weapons
 a - a +0 war axe (weapon)
 b - a +0 hunting sling of velocity
 J - a +1 battleaxe of draining
 M - a +0 short sword of venom
Missiles
 s - 309 stones (quivered)
 D - 26 sling bullets
Armour
 c - a +0 shield (worn)
 d - a +0 pair of boots (worn)
 k - a +2 scale mail of fire resistance (worn)
 u - a +1 helmet (worn)
 w - a +0 plate armour
 B - a +0 pair of gloves (worn)
 N - a +0 cloak (worn)
Jewellery
 i - a +5 ring of dexterity (left hand)
 v - a +1 ring of protection (right hand)
 y - an amulet of regeneration (around neck)
Wands
 I - a wand of iceblast (17)
 K - a wand of polymorph (7)
 P - a wand of disintegration (10)
Scrolls
 e - 3 scrolls of magic mapping
 h - 3 scrolls of remove curse {good?}
 m - 2 scrolls of blinking
 n - a scroll of immolation
 p - a scroll of random uselessness {unknown}
 r - 4 scrolls of noise {unknown}
 x - a scroll of amnesia {unknown}
 A - a scroll of enchant armour {unknown}
 E - 2 scrolls of fear {unknown}
 F - a scroll of enchant weapon {unknown}
 G - a scroll of teleportation
 H - a scroll of fog {unknown}
Potions
 g - a potion of lignification {unknown}
 j - 5 potions of curing {good?}
 l - 8 potions of flight
 o - a potion of cancellation {unknown}
 q - a potion of magic {unknown}
 t - a potion of mutation {unknown}
 z - 3 potions of heal wounds
 C - a potion of agility
 O - 2 potions of might
Comestibles
 f - 23 rations
 L - 10 chunks of flesh


   Skills:
 + Level 10.1 Fighting
 + Level 13.7 Axes
 - Level 2.7(3.0) Slings
 - Level 1.5(2.4) Throwing
 - Level 7.4 Armour
 + Level 9.3 Shields
 * Level 5.4 Invocations


You had 10 spell levels left.
You didn't know any spells.
Your spell library contained the following spells:

 Spells                   Type           Power        Failure   Level  Hunger
 Animate Skeleton         Necr           N/A          90%         1    ##.....
 Apportation              Tloc           #.....       90%         1    ##.....
 Confusing Touch          Hex            #.....       90%         1    ##.....
 Freeze                   Ice            #...         90%         1    ##.....
 Magic Dart               Conj           #...         90%         1    ##.....
 Sandblast                Erth           #.....       90%         1    ##.....
 Summon Small Mammal      Summ           #...         90%         1    ##.....
 Corpse Rot               Necr           N/A          97%         2    ###....
 Passwall                 Tmut/Erth      #.......     97%         2    ###....
 Searing Ray              Conj           #.....       97%         2    ###....
 Sublimation of Blood     Necr           #.........   97%         2    ###....
 Throw Frost              Conj/Ice       #.....       97%         2    ###....
 Dazzling Spray           Conj/Hex       #.....       99%         3    ####...
 Ozocubu's Armour         Chrm/Ice       #.......     99%         3    ####...
 Stone Arrow              Conj/Erth      #.....       99%         3    ####...
 Force Lance              Conj/Tloc      #.......     100%        4    #####..
 Fulminant Prism          Conj/Hex       #.........   100%        4    #####..
 Iskenderun's Mystic Bla  Conj           #.......     100%        4    #####..
 Petrify                  Tmut/Erth      #.......     100%        4    #####..
 Summon Ice Beast         Ice/Summ       #.......     100%        4    #####..
 Throw Icicle             Conj/Ice       #.......     100%        4    #####..
 Agony                    Necr           #.......     100%        5    ######.
 Bolt of Draining         Conj/Necr      #.........   100%        5    ######.
 Dispel Undead            Necr           #.......     100%        5    ######.
 Excruciating Wounds      Chrm/Necr      #.........   100%        5    ######.
 Lee's Rapid Deconstruct  Erth           #.........   100%        5    ######.


Dungeon Overview and Level Annotations

Branches:
Dungeon (9/15)             Temple (1/1) D:4            Lair (2/6) D:8
 Spider (0/4) Lair:2          Orc (0/2) D:9
  Swamp: Lair:2-4    Shoals: Lair:2-4

Altars:
Ashenzari
Cheibriados
Dithmenos
Elyvilon
Fedhas
Gozag
Hepliaklqana
Kikubaaqudgha
Makhleb
Nemelex Xobeh
Okawaru
Qazlal
Ru
Sif Muna
Trog
Uskayaw
Vehumet
Wu Jian
Xom
Yredelemnul
Zin
The Shining One

Annotations:
D:2 Sigmund
D:6 1 runed door, Crowt's ghost, novice GnCK
D:7 Prince Ribbit


Message History

The jumping spider is moderately wounded.
You closely miss the redback. You barely miss the jumping spider.
You feel sick.
The jumping spider leaps!
The redback bites you.
* * * LOW HITPOINT WARNING * * *
You are lethally poisoned!
The redback poisons you! You block the jumping spider's attack.
The jumping spider bites you.
* * * LOW HITPOINT WARNING * * *
The jumping spider barely misses you. The jumping spider closely misses you.
* * * LOW HITPOINT WARNING * * *
You feel very sick.
The redback bites you but does no damage.
The jumping spider pounces on you!
* * * LOW HITPOINT WARNING * * *
You block the jumping spider's attack.
The redback bites you but does no damage.
* * * LOW HITPOINT WARNING * * *
You feel very sick. The jumping spider pounces on you.
You die...

.. ..>.. ... #...# ##.
#.... ##≈≈≈##...
#....###........
##.....#.......#
P.......#..#..###
...(.............##
.)........@ss.....###
##..........s.........
#P..................#
#....^.............#
##.....b...........# .#
#.........P.#....#..#.#
#.......P###....##.....###
#...............##.......##
#...............##........#


You could see 2 jumping spiders and a redback.

Vanquished Creatures
  A hydra (Lair:1)
  Maurice (D:9)
  2 spiny frogs (Lair:1)
  A komodo dragon (Lair:1)
  A hornet (D:9)
  3 blink frogs (Lair:1)
  4 hippogriffs
  12 yaks
  Eustachio (D:5)
  A basilisk (Lair:1)
  3 wargs (D:8)
  A water moccasin (Lair:1)
  2 porcupines (Lair:1)
  An orc warrior (D:8)
  4 ice beasts
  2 sky beasts
  A black bear (D:8)
  2 ogres
  3 centaurs
  Blork the orc (D:3)
  4 bullfrogs
  4 scorpions
  8 killer bees
  4 wights
  3 crimson imps (D:6)
  A centaur zombie (D:8)
  An orc priest (D:6)
  5 hounds
  10 orc wizards
  A centaur skeleton (D:9)
  3 iguanas
  A merfolk siren (Sewer)
  A merfolk avatar (Sewer)
  6 worker ants
  A hound skeleton (D:5)
  A gnoll (D:6)
  12 river rats
  24 adders
  A howler monkey skeleton (D:5)
  3 shadow imps
  2 oozes (D:2)
  3 adder zombies
  5 worms
  4 dart slugs
  7 leopard geckos
  16 orcs
  7 ball pythons
  8 giant cockroaches
  5 goblins
  10 hobgoblins
  7 kobolds
  7 quokkas
  7 bats
  6 frilled lizards
  A giant cockroach zombie (D:5)
  2 leopard gecko skeletons (D:4)
  3 quokka skeletons
  41 rats
  A plant (Lair:1)
283 creatures vanquished.

Vanquished Creatures (others)
  A quokka (D:3)
  A plant (Lair:1)
  2 withered plants (D:6)
4 creatures vanquished.

Grand Total: 287 creatures vanquished

Notes
Turn   | Place    | Note
-------+----------+-------------------------------------------
     0 | D:1      | UnknownArk the Hill Orc Fighter began the quest for the
                  | Orb.
     0 | D:1      | Reached XP level 1. HP: 19/19 MP: 1/1
   269 | D:1      | Reached skill level 3 in Axes
   333 | D:1      | Reached XP level 2. HP: 27/27 MP: 2/2
  1199 | D:2      | Noticed Sigmund
  1400 | D:2      | Reached XP level 3. HP: 32/33 MP: 3/3
  1506 | D:2      | Noticed an ice beast
  1514 | D:2      | Killed an ice beast
  1514 | D:2      | Reached skill level 4 in Axes
  1514 | D:2      | Reached XP level 4. HP: 41/41 MP: 4/4
  1514 | D:2      | Reached XP level 5. HP: 47/47 MP: 5/5
  1981 | D:2      | Reached skill level 5 in Axes
  2322 | D:3      | Found a white marble altar of Elyvilon.
  2614 | D:3      | Found a faded altar of an unknown god.
  2666 | D:3      | Reached XP level 6. HP: 53/53 MP: 6/6
  3004 | D:3      | Noticed Blork the orc
  3028 | D:3      | Killed Blork the orc
  3034 | D:3      | Found a deep blue altar of Sif Muna.
  3120 | D:3      | Found a burning altar of Makhleb.
  3123 | D:3      | Found an ornate altar of the Wu Jian Council.
  3124 | D:3      | Found a radiant altar of Vehumet.
  3124 | D:3      | Found a hazy altar of Hepliaklqana.
  3124 | D:3      | Found an opulent altar of Gozag.
  3124 | D:3      | Found an iron altar of Okawaru.
  3124 | D:3      | Found a shadowy altar of Dithmenos.
  3126 | D:3      | Found a blossoming altar of Fedhas.
  3127 | D:3      | Found a basalt altar of Yredelemnul.
  3190 | D:4      | Reached skill level 5 in Fighting
  3190 | D:4      | Reached skill level 6 in Axes
  3373 | D:4      | Noticed an ice beast
  3396 | D:4      | Killed an ice beast
  3396 | D:4      | Reached XP level 7. HP: 37/61 MP: 7/7
  4071 | D:4      | Found a staircase to the Ecumenical Temple.
  4079 | D:4      | Reached skill level 5 in Shields
  4091 | D:4      | Reached skill level 5 in Armour
  4126 | Temple   | Entered the Ecumenical Temple
  4167 | D:4      | Reached skill level 7 in Axes
  4478 | D:5      | Entered Level 5 of the Dungeon
  4751 | D:5      | Reached skill level 1 in Throwing
  4795 | D:5      | Reached XP level 8. HP: 61/70 MP: 8/8
  4920 | D:5      | Reached skill level 8 in Axes
  5817 | D:6      | Found a glowing drain.
  5834 | D:6      | Noticed Eustachio
  5839 | Sewer    | Entered a sewer
  5866 | Sewer    | Reached skill level 1 in Slings
  6554 | D:6      | Reached skill level 9 in Axes
  6924 | D:5      | Killed Eustachio
  7057 | D:6      | Found a runed door.
  7062 | D:6      | Noticed Crowt's ghost (novice GnCK)
  7142 | D:6      | Reached XP level 9. HP: 78/78 MP: 9/9
  7422 | D:7      | Reached skill level 10 in Axes
  8006 | D:7      | Noticed Prince Ribbit
  8380 | D:8      | Found a staircase to the Lair.
  8545 | D:8      | Reached skill level 11 in Axes
  9039 | D:9      | Found a staircase to the Orcish Mines.
  9289 | D:9      | Found a shattered altar of Ashenzari.
  9304 | D:8      | Reached XP level 10. HP: 82/89 MP: 10/10
  9415 | D:9      | Found a bloodstained altar of Trog.
  9435 | D:9      | Found a stormy altar of Qazlal.
  9453 | D:9      | Noticed Maurice
  9478 | D:9      | Killed Maurice
  9478 | D:9      | Reached skill level 12 in Axes
 10161 | D:3      | Became a worshipper of Warmaster Okawaru
 10357 | D:9      | Paralysed by a hornet for 1 turns
 10660 | D:9      | Paralysed by a hornet for 3 turns
 10772 | Lair:1   | Entered Level 1 of the Lair of Beasts
 10793 | Lair:1   | Noticed a spiny frog
 10800 | Lair:1   | Reached * piety under Okawaru
 10815 | Lair:1   | Reached skill level 13 in Axes
 10817 | Lair:1   | Killed a spiny frog
 10942 | Lair:1   | Reached XP level 11. HP: 97/97 MP: 11/11
 10970 | Lair:1   | Reached ** piety under Okawaru
 10970 | Lair:1   | Reached skill level 1 in Invocations
 11492 | Lair:1   | Noticed a five-headed hydra
 11839 | Lair:1   | Killed a five-headed hydra
 11839 | Lair:1   | Reached skill level 10 in Fighting
 11930 | Lair:2   | Reached skill level 5 in Invocations
 11938 | Lair:2   | Reached *** piety under Okawaru
 12011 | Lair:2   | Found a hole to the Spider Nest.
 12026 | Lair:2   | HP: 2/99 [poisoned by a redback]
 12026 | Lair:2   | Slain by a jumping spider

Skill      XL: |  1  2  3  4  5  6  7  8  9 10 11 |
---------------+----------------------------------+-----
Axes           | 3 4 5 6 7 9 11 13 | 13.7
Fighting       | 4 5 6 8 9 10 | 10.1
Armour         | 4 5 6 7 |  7.4
Shields        | 4 5 6 7 8 9 |  9.3
Throwing       | 1 |  1.5
Slings         | 2 |  2.7
Invocations    | 5 |  5.4

Action                   |  1- 3 |  4- 6 |  7- 9 | 10-12 || total
-------------------------+-------+-------+-------+-------++-------
Melee: War axe           |    97 |   149 |   617 |   290 ||  1153
       Short sword       |       |       |       |    12 ||    12
 Fire: Hunting sling     |       |    48 |   109 |    56 ||   213
Throw: Stone             |       |     1 |     1 |     2 ||     4
Invok: Heroism           |       |       |       |     2 ||     2
Evoke: Wand              |       |       |     3 |     5 ||     8
  Use: Scroll            |     1 |     3 |     7 |     3 ||    14
       Potion            |     1 |       |     2 |       ||     3
  Eat: Chunk             |     2 |     6 |    19 |     7 ||    34
       Ration            |       |       |       |     1 ||     1
Armor: Scale mail        |    45 |     7 |       |    67 ||   119
       Chain mail        |       |    30 |       |       ||    30
       Plate armour      |       |    43 |   356 |   116 ||   515
Dodge: Dodged            |    30 |    33 |   117 |    78 ||   258
Block: Shield            |    49 |    91 |   340 |   192 ||   672
